 Dungeon Crawl Stone Soup version 0.31.0-1-g2c135a008e (webtiles) character file.

Game seed: 1964985892676985055

3523 qw the Skirmisher (level 10, -2/73 HPs)
             Began as a Djinni Hunter on Jan 24, 2024.
             Was a Priest of Okawaru.
             Slain by Maurice
             ... wielding a +0 war axe
              (5 damage)
             ... on level 9 of the Dungeon.
             The game lasted 00:00:38 (7515 turns).

qw the Skirmisher (Djinni Hunter)                   Turns: 7515, Time: 00:00:39

Health: -2/73      AC:  8    Str: 10    XL:     10   Next: 29%
Gold:   0          EV: 20    Int: 12    God:    Okawaru [***...] SH:  0 Dex: 26

rFire   + + .        a - +0 shortbow (elec)
rCold   x . .        (shield currently unavailable)
rNeg    . . .        l - +0 ring mail
rPois   inf          (no helmet)
rElec   .            m - +2 cloak
rCorr   .            (no gloves)
SInv    .            (boots unavailable)
Will    +....        n - amulet of faith
Stlth   ++           h - +6 ring of dexterity
HPRegen 0.32/turn    s - +5 ring of evasion
MPRegen 0.00/turn

%: faith, infuse magic (-3 HP)
@: flying
A: sickness immunity, fire resistance 2, cold vulnerability 1, float, innate
caster, HP casting, extra vitality 1
a: Renounce Religion, Heroism


You were on level 9 of the Dungeon.
You worshipped Okawaru.
Okawaru was most pleased with you.
You visited 2 branches of the dungeon, and saw 10 of its levels.

You collected 360 gold pieces.
You spent 360 gold pieces at shops.


Innate Abilities, Weirdness & Mutations

You are immune to sickness and miasma.
You are immune to poison.
Your flesh is very heat resistant. (rF++)
You are vulnerable to cold. (rC-)
You float through the air rather than walking.
You learn spells naturally, not from books.
Your magical power is your life essence.
You have superior vitality. (+4 MHP)


   Skills:
 + Level 6.6 Fighting
 - Level 9.0 Ranged Weapons
 - Level 2.1 Armour
 - Level 7.0 Dodging
 - Level 0.7 Stealth
 - Level 4.0 Invocations


You knew the following spells:

 Your Spells              Type           Power      Damage    Failure   Level
a - Sting                 Conj/Alch      0%         1d3       63%         1
b - Call Imp              Summ           0%         N/A       77%         2
c - Momentum Strike       Conj/Tloc      0%         3d8       77%         2
d - Ignite Poison         Fire/Alch      0%         N/A       100%        4
Your spell library was empty.

Inventory:

Hand Weapons
 a - a +0 shortbow of electrocution (weapon)
Armour
 l - a +0 ring mail (worn)
 m - a +2 cloak (worn)
Jewellery
 h - a +6 ring of dexterity (left hand)
 n - an amulet of faith (around neck)
 s - a +5 ring of evasion (right hand)
Wands
 c - a wand of mindburst (18)
 e - a wand of paralysis (5)
 f - a wand of light (11)
 i - a wand of iceblast (7)
Scrolls
 o - 2 scrolls of teleportation
 p - a scroll of identify
 t - a scroll of enchant armour
Potions
 b - a potion of haste
 g - 2 potions of curing
 j - a potion of enlightenment
 k - a potion of heal wounds
 q - a potion of resistance
 r - a potion of ambrosia {unknown}
 u - a potion of cancellation {unknown}

Dungeon Overview and Level Annotations

Branches:
Dungeon (9/15)             Temple (1/1) D:4
   Lair: D:8-11         Orc: D:9-12

Altars:
Ashenzari
Cheibriados
Dithmenos
Elyvilon
Fedhas
Gozag
Hepliaklqana
Makhleb
Nemelex Xobeh
Okawaru
Qazlal
Ru
Trog
Uskayaw
Wu Jian
Xom
Yredelemnul
Zin
The Shining One

Shops:
D:2 :   D:8 =

Annotations:
D:9 Maurice


Message History

You hear a zap.
You suddenly lose the ability to move!
Something hits you.
Something mutters, "Now where did you hide it?"
Something bites you but does no damage. Something hits you!
Something grunts, "Curses!"
Something bites you but does no damage.
You hear some strange, mumbled words.
You can move again.
You shoot an arrow. You shoot an arrow. Something hits you!
Something grunts, "Curses!"
Something bites you! Something drains your magic.
You shoot an arrow.
You hear a zap.
You suddenly lose the ability to move!
Something hits you.
Something groans, "What are you, a monk?"
Something bites you but does no damage.
You can move again.
You shoot an arrow.
You hear some strange, mumbled words.
You shoot an arrow. You shoot an arrow. You shoot an arrow.
You hear a zap.
Something tries to affect you, but you resist.
You shoot an arrow. You shoot an arrow. Something hits you!
Something grunts, "Curses!"
Something closely misses you.
You shoot an arrow. Something hits you!
Something grunts, "Curses!"
Something bites you but does no damage. Something barely misses you.
Something bites you.
You die...

.#..#...###..##
....#....#....#
.......
....#....#....#
.....).
....'....#....#
...)...
....#....#....#
...).
....#....#....#
....
######...##...# ).#
#...##...###).##.##
+.........{@.......
#..................
.
#..................
.
#..................
.
#..................
.
#...########..##.#.
#...# ..# ## #....
...


There were no monsters in sight!

Vanquished Creatures
  A steam dragon (D:8)
  A water moccasin (D:8)
  An orc warrior (D:9)
  2 sky beasts (D:7)
  2 black bears (D:7)
  An ice beast (D:5)
  A centaur (D:6)
  A phantom (D:6)
  2 kobold brigands
  4 bullfrogs
  A gnoll sergeant (D:7)
  3 necrophages (D:5)
  A water moccasin zombie (D:5)
  7 wights
  6 killer bees (D:7)
  3 bombardier beetles (D:5)
  A human zombie (D:5)
  2 jellies (D:6)
  A centaur zombie (D:5)
  A gnoll bouda (D:7)
  2 sleepcaps (D:6)
  2 hounds
  An orc priest (D:8)
  5 iguanas
  7 orc wizards
  A scorpion zombie (D:5)
  A hound zombie (D:5)
  3 mummies (D:5)
  A howler monkey zombie (D:5)
  11 gnolls
  7 river rats (D:6)
  13 adders
  A shadow imp (D:6)
  A white imp (D:5)
  An ufetubus (D:6)
  3 dart slugs
  3 ribbon worms
  24 orcs
  14 ball pythons
  7 bats
  14 endoplasms
  3 giant cockroaches
  5 hobgoblins
  6 jackals
  18 kobolds
  14 quokkas
  6 frilled lizards
  10 goblins
  21 rats
247 creatures vanquished.

Vanquished Creatures (others)
  2 orcs (D:8)
2 creatures vanquished.

Grand Total: 249 creatures vanquished

Notes
Turn   | Place    | Note
-------+----------+-------------------------------------------
     0 | D:1      | qw the Djinni Hunter began the quest for the Orb.
     0 | D:1      | Reached XP level 1. HP: 18/18 MP: 0/0
     0 | D:1      | 0 ||| qw: Version: 0.3-a-136-gdd3b4e8
     0 | D:1      | 0 ||| qw: Game counter: 1201
     0 | D:1      | 0 ||| qw: Melee chars always use a shield: true
     0 | D:1      | 0 ||| qw: God list: Okawaru
     0 | D:1      | 0 ||| qw: Allow faded altars: false
     0 | D:1      | 0 ||| qw: Do Orc after clearing Dungeon:15 true
     0 | D:1      | 0 ||| qw: Do second Lair branch before Depths: true
     0 | D:1      | 0 ||| qw: Lair rune preference: random
     0 | D:1      | 0 ||| qw: Goals: Normal
     0 | D:1      | 0 ||| PLANNING D:1-11
    33 | D:1      | Reached XP level 2. HP: 23/23 MP: 0/0
   121 | D:1      | Reached XP level 3. HP: 28/28 MP: 0/0
   121 | D:1      | Learned a level 1 spell: Sting
   126 | D:1      | Reached skill level 4 in Ranged Weapons
   544 | D:1      | 544 ||| UPGRADING to +0 ring mail.
   554 | D:1      | 554 ||| DROPPING +0 leather armour.
   555 | D:1      | 555 ||| READING 2 scrolls labelled JEMOLE ZIFFI.
   555 | D:1      | 555 ||| ENCHANTING +0 shortbow.
   556 | D:1      | 556 ||| READING scroll labelled JEFAYSTARUFF.
   556 | D:1      | 556 ||| BRANDING +0 shortbow.
   557 | D:1      | 557 ||| READING scroll labelled GIQUUT PIT MUO.
   562 | D:1      | 562 ||| READING scroll labelled QATUXK TUBA.
   563 | D:1      | 563 ||| READING scroll labelled DEGGAM ZENUR.
   564 | D:1      | 564 ||| DROPPING scroll of butterflies.
   620 | D:2      | Reached XP level 4. HP: 18/34 MP: 0/0
   626 | D:2      | Reached skill level 1 in Armour
   701 | D:2      | Found Fetagun's Book Boutique.
   806 | D:2      | Reached skill level 3 in Fighting
   885 | D:2      | Found a faded altar of an unknown god.
   933 | D:2      | Found a white marble altar of Elyvilon.
  1172 | D:2      | 1172 ||| UPGRADING to +6 ring of dexterity.
  1173 | D:2      | 1173 ||| READING scroll labelled BEURUILLUF.
  1174 | D:2      | 1174 ||| DRINKING 2 fizzy cyan potions.
  1205 | D:3      | Reached XP level 5. HP: 40/40 MP: 0/0
  1205 | D:3      | Learned a level 2 spell: Call Imp
  1638 | D:3      | Reached skill level 3 in Dodging
  1999 | D:3      | Found a burning altar of Makhleb.
  2003 | D:3      | 2003 ||| UPGRADING to +0 cloak.
  2008 | D:3      | 2008 ||| READING 2 scrolls of enchant armour.
  2008 | D:3      | 2008 ||| ENCHANTING +0 cloak.
  2009 | D:3      | 2009 ||| READING scroll of enchant armour.
  2009 | D:3      | 2009 ||| ENCHANTING +1 cloak.
  2010 | D:3      | 2010 ||| READING scroll labelled ETUIDO UMNU.
  2010 | D:3      | 2010 ||| IDENTIFYING smoky emerald potion
  2011 | D:3      | 2011 ||| DROPPING potion of invisibility.
  2146 | D:4      | Reached XP level 6. HP: 46/46 MP: 0/0
  2238 | D:4      | 2238 ||| FLEEEEING.
  2239 | D:4      | 2239 ||| FLEEEEING.
  2240 | D:4      | 2240 ||| FLEEEEING.
  2241 | D:4      | 2241 ||| FLEEEEING.
  2242 | D:4      | 2242 ||| FLEEEEING.
  2243 | D:4      | 2243 ||| FLEEEEING.
  2245 | D:4      | 2245 ||| FLEEEEING.
  2246 | D:4      | 2246 ||| FLEEEEING.
  2247 | D:4      | 2247 ||| FLEEEEING.
  2248 | D:4      | 2248 ||| FLEEEEING.
  2249 | D:4      | 2249 ||| FLEEEEING.
  2250 | D:4      | 2250 ||| FLEEEEING.
  2251 | D:4      | 2251 ||| FLEEEEING.
  2252 | D:4      | 2252 ||| FLEEEEING.
  2253 | D:4      | 2253 ||| FLEEEEING.
  2254 | D:4      | 2254 ||| FLEEEEING.
  2255 | D:4      | 2255 ||| FLEEEEING.
  2259 | D:4      | 2259 ||| FLEEEEING.
  2261 | D:4      | 2261 ||| FLEEEEING.
  2262 | D:4      | 2262 ||| FLEEEEING.
  2264 | D:4      | 2264 ||| FLEEEEING.
  2265 | D:4      | 2265 ||| FLEEEEING.
  2266 | D:4      | 2266 ||| FLEEEEING.
  2267 | D:4      | 2267 ||| DRINKING 4 potions of curing.
  2267 | D:4      | 2267 ||| (to cure confusion)
  2271 | D:4      | Reached skill level 5 in Ranged Weapons
  2272 | D:4      | 2272 ||| DRINKING 3 potions of curing.
  2272 | D:4      | 2272 ||| (to cure confusion)
  2397 | D:4      | Found a staircase to the Ecumenical Temple.
  2398 | D:4      | 2398 ||| PLANNING TEMPLE
  2398 | D:4      | 2398 ||| READING scroll of identify.
  2398 | D:4      | 2398 ||| IDENTIFYING silvery potion
  2399 | D:4      | 2399 ||| DROPPING potion of attraction.
  2405 | Temple   | Entered the Ecumenical Temple
  2406 | Temple   | 2406 ||| PLANNING OKAWARU WORSHIP
  2414 | Temple   | Became a worshipper of Warmaster Okawaru
  2415 | Temple   | 2415 ||| PLANNING D:1-11
  2554 | D:4      | Found a sacrificial altar of Ru.
  2694 | D:5      | Entered Level 5 of the Dungeon
  2833 | D:5      | Found a snail-covered altar of Cheibriados.
  2838 | D:5      | Reached XP level 7. HP: 52/52 MP: 0/0
  2838 | D:5      | Learned a level 2 spell: Momentum Strike
  2986 | D:5      | 2986 ||| DROPPING +0 sling of freezing.
  3265 | D:5      | Reached * piety under Okawaru
  3508 | D:5      | Reached skill level 6 in Ranged Weapons
  3508 | D:5      | Reached skill level 1 in Invocations
  3531 | D:5      | Reached XP level 8. HP: 55/58 MP: 0/0
  3618 | D:5      | Reached ** piety under Okawaru
  3657 | D:5      | Found a basalt altar of Yredelemnul.
  3677 | D:5      | Reached skill level 3 in Invocations
  3770 | D:5      | 3770 ||| READING scroll of identify.
  3770 | D:5      | 3770 ||| IDENTIFYING viscous coppery potion
  3771 | D:5      | 3771 ||| DRINKING 2 grey potions.
  3772 | D:5      | 3772 ||| DROPPING potion of degeneration.
  3856 | D:6      | Found a shadowy altar of Dithmenos.
  4357 | D:6      | Reached skill level 7 in Ranged Weapons
  4408 | D:6      | Reached XP level 9. HP: 63/63 MP: 0/0
  4408 | D:6      | Learned a level 4 spell: Ignite Poison
  4456 | D:6      | 4456 ||| FLEEEEING.
  4457 | D:6      | 4457 ||| FLEEEEING.
  4787 | D:6      | 4787 ||| READING scroll labelled VOTZYSUHUA.
  4788 | D:6      | 4788 ||| DRINKING 2 yellow potions.
  4914 | D:7      | 4914 ||| READING scroll of brand weapon.
  4914 | D:7      | 4914 ||| BRANDING +0 shortbow of flaming.
  5116 | D:7      | Found a broken altar of Ashenzari.
  5129 | D:7      | Reached *** piety under Okawaru
  5130 | D:7      | Reached skill level 8 in Ranged Weapons
  5462 | D:7      | 5462 ||| FLEEEEING.
  5463 | D:7      | 5463 ||| FLEEEEING.
  5464 | D:7      | 5464 ||| FLEEEEING.
  5465 | D:7      | 5465 ||| FLEEEEING.
  5466 | D:7      | 5466 ||| FLEEEEING.
  5467 | D:7      | 5467 ||| FLEEEEING.
  5468 | D:7      | 5468 ||| FLEEEEING.
  5480 | D:7      | Reached skill level 6 in Dodging
  5774 | D:7      | 5774 ||| RETREEEEATING.
  5776 | D:7      | 5776 ||| RETREEEEATING.
  5777 | D:7      | 5777 ||| RETREEEEATING.
  5778 | D:7      | 5778 ||| RETREEEEATING.
  5780 | D:7      | 5780 ||| RETREEEEATING.
  5781 | D:7      | 5781 ||| RETREEEEATING.
  5782 | D:7      | 5782 ||| RETREEEEATING.
  5783 | D:7      | 5783 ||| RETREEEEATING.
  5784 | D:7      | 5784 ||| RETREEEEATING.
  5785 | D:7      | 5785 ||| RETREEEEATING.
  5786 | D:7      | 5786 ||| INVOKING Heroism.
  5805 | D:7      | Reached skill level 6 in Fighting
  6042 | D:7      | Reached XP level 10. HP: 72/72 MP: 0/0
  6187 | D:7      | 6187 ||| READING scroll of identify.
  6187 | D:7      | 6187 ||| IDENTIFYING cyan potion
  6188 | D:7      | 6188 ||| READING scroll labelled XOENE IBEVUO.
  6240 | D:8      | Found a hide-covered altar of Uskayaw.
  6569 | D:8      | Found Vuipn's Jewellery Emporium.
  6578 | D:8      | 6578 ||| BUYING +5 ring of evasion (360 gold).
  6578 | D:8      | Bought a +5 ring of evasion for 360 gold pieces
  6578 | D:8      | 6578 ||| SHOPLISTING amulet of regeneration (300 gold, have
                  | 93).
  6736 | D:8      | Found a white marble altar of Elyvilon.
  6795 | D:8      | 6795 ||| RETREEEEATING.
  6797 | D:8      | 6797 ||| RETREEEEATING.
  6798 | D:8      | 6798 ||| RETREEEEATING.
  6800 | D:8      | 6800 ||| RETREEEEATING.
  6804 | D:8      | 6804 ||| RETREEEEATING.
  6814 | D:8      | Reached skill level 9 in Ranged Weapons
  7071 | D:8      | Found an opulent altar of Gozag.
  7180 | D:8      | 7180 ||| UPGRADING to amulet of faith.
  7185 | D:8      | 7185 ||| UPGRADING to +5 ring of evasion.
  7186 | D:8      | 7186 ||| READING scroll of identify.
  7186 | D:8      | 7186 ||| IDENTIFYING coppery potion
  7187 | D:8      | 7187 ||| READING 3 scrolls labelled GUDIEJ YGUTE.
  7188 | D:8      | 7188 ||| READING scroll labelled UGALYI ETETH.
  7289 | D:8      | 7289 ||| DROPPING 2 scrolls of fear.
  7480 | D:9      | Noticed Maurice
  7482 | D:9      | 7482 ||| INVOKING Heroism.
  7493 | D:9      | Something stole a ring of fire
  7497 | D:9      | Something stole 130 gold
  7500 | D:9      | Paralysed by something for 5 turns
  7507 | D:9      | Paralysed by something for 2 turns
  7514 | D:9      | HP: 12/73 [something (13)]
  7515 | D:9      | HP: 3/73 [something (9)]
  7515 | D:9      | Slain by Maurice

Levels and vault maps discovered:
D:1:      wander_arrival_fairy_ring, layout_rooms, serial_glass,
          glass_columns_a, glass_columns_a, glass_columns_c, glass_columns_b,
          glass_columns_a, minmay_close_crescents
D:2:      layout_rooms, basic_altar, serial_shops,
          nicolae_shop_just_a_little_nook,
          shapermc_ecumenical_altar_mp_vishouse, minmay_cupped
D:3:      layout_basic, lightli_temple_of_fire
D:4:      layout_basic, nicolae_ru_awakened_eye,
          minmay_temple_entry_statues_pillars
D:5:      layout_basic, slow_altar_1, lemuel_mausoleum_altar_yredelemnul
D:6:      lemuel_ratsnest, layout_loops_ring, nicolae_dithmenos_the_darkroom
D:7:      layout_layer_cave, nicolae_ashenzari_panopticon,
          minmay_misc_feat_nine_boxes
D:8:      layout_cave_pods, mainiacjoe_overflow_alcove_2,
          mainiacjoe_overflow_24_doors, elyvilon_altar_4, serial_shops, shop
D:9:      layout_gridville, minmay_three_doors, uniq_prince_ribbit1,
          uniq_maurice
Temple:   nicolae_temple_ecumenical_triangle

Skill      XL: |  1  2  3  4  5  6  7  8  9 10 |
---------------+-------------------------------+-----
Ranged Weapons | 4 5 6 7 8 9 |  9.0
Armour         | 1 2 |  2.1
Fighting       | 3 4 6 |  6.6
Dodging        | 3 4 6 7 |  7.0
Invocations    | 1 4 |  4.0
Stealth        | |  0.7

Action                     |  1- 3 |  4- 6 |  7- 9 | 10-12 || total
---------------------------+-------+-------+-------+-------++-------
   Fire: Shortbow          |   111 |   203 |   443 |   103 ||   860
 Invoke: Heroism           |       |       |     1 |     1 ||     2
    Use: Scroll            |     5 |     5 |     3 |     5 ||    18
         Potion            |       |     3 |     2 |       ||     5
 Armour: Leather armour    |    19 |       |       |       ||    19
         Ring mail         |    32 |    51 |   149 |    40 ||   272
  Dodge: Dodged            |    47 |    49 |   181 |    45 ||   322

Table legend:
 A = Non-vault XP
 B = Vault XP
 C = Vault XP percentage of total XP
 D = Non-vault monster count
 E = Vault monster count
 F = Vault count percentage of total count
                 A         B        C        D         E       F
            +---------+---------+-------+---------+---------+-------
      Total |    4119 |     915 |  18.2 |     190 |      56 |  22.8
            +---------+---------+-------+---------+---------+-------
        D:1 |      53 |       6 |  10.2 |      33 |       3 |   8.3
        D:2 |      70 |       8 |  10.3 |      16 |       3 |  15.8
        D:3 |     112 |       0 |   0.0 |      29 |       0 |   0.0
        D:4 |     150 |       0 |   0.0 |      17 |       0 |   0.0
        D:5 |     436 |     592 |  57.6 |      19 |      13 |  40.6
        D:6 |     568 |     309 |  35.2 |      25 |      37 |  59.7
        D:7 |    1638 |       0 |   0.0 |      30 |       0 |   0.0
        D:8 |     735 |       0 |   0.0 |      14 |       0 |   0.0
        D:9 |     357 |       0 |   0.0 |       7 |       0 |   0.0
            +---------+---------+-------+---------+---------+-------
